 Dungeon Crawl Stone Soup version 0.22-b1-59-g0aedee734a (webtiles) character file.

231 Htamos the Shield-Bearer (level 6, -1/32 HPs)
             Began as a Vine Stalker Fighter on Aug 10, 2018.
             Killed by divine providence
             ... invoked by an orc priest
              (7 damage)
             ... on level 3 of the Dungeon.
             The game lasted 00:03:51 (3263 turns).

Htamos the Shield-Bearer (Vine Stalker Fighter)     Turns: 3263, Time: 00:03:52

Health: -1/32      AC:  9    Str: 20    XL:     6   Next: 4%
Magic:  0/11       EV:  7    Int:  8    God:
Gold:   106        SH:  9    Dex: 14    Spells: 11/11 levels left

rFire    . . .     SeeInvis .     - Unarmed
rCold    . . .     Gourm    .   b - +0 shield
rNeg     . . .     Faith    .   a - +0 scale mail
rPois    .         Spirit   +   q - +0 helmet
rElec    .         Reflect  .   (no cloak)
rCorr    .         Harm     .   (no gloves)
MR       .....                  m - +0 pair of boots
Stlth    ..........             (no amulet)
HPRegen  0.50/turn              (no ring)
MPRegen  0.12/turn              (no ring)

@: no status effects
A: fangs 2, regeneration 1, magic shield, antimagic bite, no potion heal 3, rot
immunity
a: no special abilities


You were on level 3 of the Dungeon.
You were not hungry.

You visited 1 branch of the dungeon, and saw 3 of its levels.

You collected 106 gold pieces.

Inventory:

Hand Weapons
 p - a +2 dagger of holy wrath
Armour
 a - a +0 scale mail (worn)
 b - a +0 shield (worn)
 m - a +0 pair of boots (worn)
 q - a +0 helmet (worn)
Scrolls
 c - 2 scrolls of magic mapping {unknown}
 f - 6 scrolls of identify {unknown}
 g - 2 scrolls of teleportation {unknown}
 h - a scroll of blinking {unknown}
 i - a scroll of enchant armour {unknown}
 l - a scroll of fear {unknown}
 o - a scroll of remove curse {unknown}
 s - a scroll of amnesia {unknown}
Potions
 e - a potion of agility {unknown}
 j - a potion of haste {unknown}
 k - 2 potions of curing {unknown}
 n - a potion of lignification {unknown}
Comestibles
 d - 4 rations
 r - 16 chunks of flesh


   Skills:
 + Level 3.3 Fighting
 + Level 3.1 Armour
 + Level 3.4 Shields
 + Level 3.0 Unarmed Combat
 * Level 3.0 Spellcasting


You had 11 spell levels left.
You didn't know any spells.
Your spell library was empty.

Dungeon Overview and Level Annotations

Branches:
Dungeon (3/15)

Altars:
Cheibriados
Ru


Innate Abilities, Weirdness & Mutations

You have extremely sharp teeth.
Your natural rate of healing is unusually fast.
When hurt, damage is shared between your health and your magic reserves.
Your bite disrupts and absorbs the magic of your enemies.
Potions cannot restore your health.
You are immune to rotting.


Message History

You hit the orc priest but do no damage.
You bite the orc priest, but do no damage.
The orc priest hits you but does no damage.
You closely miss the orc priest.
You bite the orc priest, but do no damage.
The orc priest begins to cast a cantrip, but forgets the words!
You closely miss the orc priest.
The orc priest hits you but does no damage.
You hit the orc priest. Your bite misses the orc priest.
The orc priest is moderately wounded.
The orc priest calls down the wrath of Beogh upon you.
Pain shoots through your body!
* * * LOW MAGIC WARNING * * *;
* * * LOW HITPOINT WARNING * * *
You barely miss the orc priest. You bite the orc priest. You drain its power.
You feel invigorated.
The orc priest is heavily wounded.
The orc priest mumbles some strange prayers to Beogh against you.
Beogh smites you!
* * * LOW MAGIC WARNING * * *
You die...

# #.# ## #.# #. ##+# #.#
###. #...# #.# #..)
.....# ####.# #.##
......# ##.##.# #...
.......####...#.#######.
......o@.........(......
.......####...#.########
.....?# ##.##.# .....#
###### #...# ##+#


You could see an orc priest.

Vanquished Creatures
  An orc priest (D:3)
  Natasha (thrice) (D:2)
  Robin (D:3)
  3 adders
  3 oozes
  2 worms (D:2)
  A dart slug (D:1)
  An orc (D:3)
  A giant cockroach (D:1)
  14 goblins
  13 hobgoblins
  6 jackals (D:2)
  4 kobolds
  A quokka (D:2)
  A ball python (D:2)
  6 bats
  2 frilled lizards
  8 rats
71 creatures vanquished.

Notes
Turn   | Place    | Note
-------+----------+-------------------------------------------
     0 | D:1      | Htamos the Vine Stalker Fighter began the quest for the Orb.
     0 | D:1      | Reached XP level 1. HP: 11/11 MP: 2/2
    52 | D:1      | Reached XP level 2. HP: 13/16 MP: 2/4
   194 | D:1      | Reached skill level 1 in Spellcasting
   635 | D:1      | Reached XP level 3. HP: 19/19 MP: 5/5
  1144 | D:2      | Noticed an ogre
  1586 | D:2      | Gained mutation: Your natural rate of healing is unusually fast. [Vine Stalker growth]
  1586 | D:2      | Reached XP level 4. HP: 18/24 MP: 5/7
  1667 | D:2      | Found a sacrificial altar of Ru.
  2028 | D:2      | Noticed Natasha
  2048 | D:2      | Killed Natasha
  2053 | D:2      | Reached XP level 5. HP: 28/28 MP: 9/9
  2190 | D:2      | Noticed Natasha
  2201 | D:2      | Killed Natasha
  2270 | D:2      | Noticed Natasha
  2279 | D:2      | Killed Natasha
  2385 | D:2      | Found a sacrificial altar of Ru.
  2862 | D:2      | Found a sacrificial altar of Ru.
  3074 | D:3      | Found a snail-covered altar of Cheibriados.
  3142 | D:3      | Noticed Robin
  3166 | D:3      | Killed Robin
  3255 | D:3      | Reached XP level 6. HP: 9/32 MP: 3/11
  3263 | D:3      | Killed from afar by an orc priest

Skill      XL: |  1  2  3  4  5 |
---------------+----------------+-----
Spellcasting   | 1 2 3 |  3.0
Fighting       | 3 |  3.3
Shields        | 3 |  3.4
Armour         | 3 |  3.1
Unarmed Combat | 3 |  3.0

Action                   |  1- 3 |  4- 6 || total
-------------------------+-------+-------++-------
Melee: Unarmed           |    94 |   169 ||   263
       Bite              |    28 |    55 ||    83
  Use: Potion            |     1 |       ||     1
  Eat: Chunk             |     1 |     4 ||     5
       Ration            |       |     1 ||     1
Armor: Scale mail        |    41 |    66 ||   107
Dodge: Dodged            |    27 |    51 ||    78
Block: Shield            |    37 |    72 ||   109
